 Dungeon Crawl Stone Soup version 0.19.1 (webtiles) character file.

1423 sveltemanboy the Frost Mage (level 8, -4/52 HPs)
             Began as a Merfolk Ice Elementalist on Dec 3, 2016.
             Was a Believer of Okawaru.
             Slain by an orc warrior
             ... wielding a +0 trident
              (9 damage)
             ... on level 5 of the Dungeon.
             The game lasted 00:23:44 (9212 turns).

sveltemanboy the Frost Mage (MfIE)                  Turns: 9212, Time: 00:23:44

Health: -4/52      AC: 11    Str: 14    XL:     8   Next: 72%
Magic:  2/11       EV: 13    Int: 16    God:    Okawaru [**....]
Gold:   314        SH:  0    Dex: 14    Spells: 3 memorised, 5 levels left

rFire  x . .     SeeInvis .     v - +0 spear
rCold  + + .     Gourm    .     q - +1 robe {rC+}
rNeg   . . .     Faith    .     (no shield)
rPois  .         Spirit   .     j - +0 helmet
rElec  .         Reflect  .     (no cloak)
rCorr  .         Harm     +     (no gloves)
MR     .....                    (no boots)
Stlth  ++........               m - amulet of harm
                                (no ring)
                                d - ring of ice

@: mighty, icy armour, hasted, very quick
A: change form in water, swift swim, stealthy swim
a: Heroism, Renounce Religion


You were on level 5 of the Dungeon.
You worshipped Okawaru.
Okawaru was pleased with you.
You were not hungry.

You visited 1 branch of the dungeon, and saw 5 of its levels.
You also visited: Sewer.

You collected 314 gold pieces.

Inventory:

Hand Weapons
 v - a +0 spear (weapon)
Armour
 j - a +0 helmet (worn)
 q - a +1 robe of cold resistance (worn)
 s - a +1 buckler
 z - the +1 ring mail of Goodbye, My Love {rPois MR+ rCorr Int-2}
   (You found it on level 4 of the Dungeon)

   It affects your intelligence (-2).
   It protects you from poison.
   It affects your resistance to hostile enchantments.
   It protects you from acid and corrosion.
Jewellery
 d - a ring of ice (left hand)
 m - an amulet of harm (around neck)
Wands
 e - a wand of confusion (15/48)
Scrolls
 h - 2 scrolls of magic mapping
 k - a scroll of fear
 n - a scroll of enchant armour
 p - 2 scrolls of immolation
Potions
 r - a potion of resistance
 x - a potion of haste
Books
 b - a book of Frost

   Spells                             Type                      Level
   a - Freeze                         Ice                          1
   b - Throw Frost                    Conjuration/Ice              2
   c - Ozocubu's Armour               Charms/Ice                   3
   d - Throw Icicle                   Conjuration/Ice              4
   e - Summon Ice Beast               Ice/Summoning                4
Comestibles
 c - 3 bread rations
 f - 2 beef jerkies
 i - a meat ration
 o - a slice of pizza


   Skills:
 + Level 7.3 Polearms
 - Level 2.6 Dodging
 - Level 2.1 Stealth
 + Level 4.8 Shields
 - Level 2.0 Spellcasting
 - Level 1.0 Conjurations
 - Level 1.5 Charms
 + Level 8.1 Ice Magic
 - Level 2.5 Invocations


You had 5 spell levels left.
You knew the following spells:

 Your Spells              Type           Power        Failure   Level  Hunger
a - Freeze                Ice            ####         1%          1    #......
b - Throw Frost           Conj/Ice       ###...       6%          2    ###....
c - Ozocubu's Armour      Chrm/Ice       ####....     12%         3    ###....


Dungeon Overview and Level Annotations

Branches:
Dungeon (5/15)
 Temple: D:4-7

Altars:
Okawaru
Vehumet

Shops:
D:5 :


Message History

Attack whom?
Press: ? - help, Dir - move target cursor, f/p - orc warrior
Aim: an orc warrior, wielding a trident and wearing a plate armour (moderately wounded)
You reach to attack!
You hit the orc warrior but do no damage.
The orc warrior is moderately wounded.
The orc warrior misses you.
Attack whom?
Press: ? - help, Dir - move target cursor, f/p - orc warrior
Aim: an orc warrior, wielding a trident and wearing a plate armour (moderately wounded)
You reach to attack!
You hit the orc warrior.
The orc warrior is heavily wounded.
The orc warrior hits you from afar with a trident!
Found a bubbling sapphire potion.
You feel very mighty all of a sudden.
The orc warrior hits you from afar with a trident!!
* * * LOW HITPOINT WARNING * * *
You feel yourself speed up.
The orc warrior hits you from afar with a trident!
You die...

######.###.#......##.##.#
#.....#......##....#
###.###............##
#..# ##.>....###...# #.##
####........#...# # #.#
#o#.###..# ### # #.#
#o#......# # #.#
#.###....# #######.# #@#
#.>.## ........# #.#
#..## ######### #.# #..#
# ##### #!# #..# ###...##
#.# #..# .#..#..# #.#
#..# [..###.# #.# ##.#
.#..#..#########.# #.#
............(.. #.#


You could see an orc warrior and an orc.

Vanquished Creatures
  Sigmund (D:5)
  The ghost of MrBudgens the Chiller, an amateur MfIE of Nemelex Xobeh (D:4)
  2 ogres (D:4)
  4 big kobolds (Sewer)
  A howler monkey (D:4)
  A centaur zombie (D:5)
  A centaur skeleton (D:4)
  A gnoll shaman (D:5)
  7 orc wizards (D:4)
  A worker ant (D:4)
  Robin (D:2)
  9 adders
  7 gnolls
  A river rat (Sewer)
  A shadow imp (D:5)
  4 oozes
  An adder skeleton (D:5)
  6 worms
  7 dart slugs
  6 leopard geckos
  7 orcs (D:4)
  8 giant cockroaches
  19 goblins
  11 hobgoblins
  14 jackals
  3 quokkas
  7 ball pythons
  11 bats
  9 frilled lizards
  16 kobolds
  A leopard gecko skeleton (D:5)
  13 rats
182 creatures vanquished.

Notes
Turn   | Place    | Note
-------+----------+-------------------------------------------
     0 | D:1      | sveltemanboy the Merfolk Ice Elementalist began the quest for the Orb.
     0 | D:1      | Reached XP level 1. HP: 13/13 MP: 3/3
   293 | D:1      | Reached XP level 2. HP: 19/19 MP: 0/5
   371 | D:1      | Learned a level 2 spell: Throw Frost
   521 | D:1      | Reached skill level 4 in Ice Magic
  1207 | D:2      | Reached skill level 1 in Conjurations
  1252 | D:2      | Reached XP level 3. HP: 24/24 MP: 3/6
  1456 | D:2      | Found an iron altar of Okawaru.
  1464 | D:2      | Became a worshipper of Warmaster Okawaru
  1530 | D:2      | Noticed Robin
  1963 | D:2      | Killed Robin
  1963 | D:2      | Reached skill level 5 in Ice Magic
  1963 | D:2      | Reached skill level 1 in Invocations
  1963 | D:2      | Reached XP level 4. HP: 18/30 MP: 0/7
  2403 | D:2      | Learned a level 3 spell: Ozocubu's Armour
  2601 | D:2      | Reached skill level 1 in Charms
  3119 | D:2      | Reached XP level 5. HP: 35/35 MP: 1/8
  4964 | D:3      | Reached XP level 6. HP: 41/41 MP: 0/9
  5148 | D:4      | Noticed MrBudgens's ghost (amateur MfIE)
  5238 | D:4      | Reached * piety under Okawaru
  5238 | D:4      | Reached skill level 1 in Shields
  5238 | D:4      | Reached skill level 6 in Ice Magic
  5356 | D:4      | Reached XP level 7. HP: 24/46 MP: 0/10
  5518 | D:4      | Killed MrBudgens's ghost
  5663 | D:4      | Found a glowing drain.
  5704 | Sewer    | Entered a sewer
  6390 | Sewer    | Reached skill level 7 in Ice Magic
  6585 | Sewer    | Reached ** piety under Okawaru
  6585 | Sewer    | Reached skill level 5 in Polearms
  6657 | Sewer    | Reached XP level 8. HP: 52/52 MP: 1/11
  7677 | D:4      | Got a crude ring mail
  7691 | D:4      | Identified the +1 ring mail of Goodbye, My Love {rPois MR+ rCorr Int-2} (You found it on level 4 of the Dungeon)
  8332 | D:5      | Entered Level 5 of the Dungeon
  8351 | D:5      | Found a radiant altar of Vehumet.
  8503 | D:5      | Found Kayffeq's Book Boutique.
  8853 | D:5      | Noticed Sigmund
  8875 | D:5      | Killed Sigmund
  8875 | D:5      | Reached skill level 8 in Ice Magic
  9212 | D:5      | Slain by an orc warrior

Skill      XL: |  1  2  3  4  5  6  7  8 |
---------------+-------------------------+-----
Ice Magic      | 4 5 6 7 8 |  8.1
Conjurations   | 1 |  1.0
Invocations    | 1 2 |  2.5
Charms         | 1 |  1.5
Polearms       | 3 5 7 |  7.3
Shields        | 2 3 4 |  4.8
Dodging        | |  2.6
Stealth        | |  2.1
Spellcasting   | |  2.0

Action                   |  1- 3 |  4- 6 |  7- 9 || total
-------------------------+-------+-------+-------++-------
Melee: Unarmed           |    18 |    44 |       ||    62
       Spear             |       |     5 |   276 ||   281
       Tailslap          |       |       |     1 ||     1
 Cast: Freeze            |    42 |    45 |    34 ||   121
       Throw Frost       |    26 |    74 |    65 ||   165
       Ozocubu's Armour  |       |     1 |    10 ||    11
  Use: Potion            |       |     1 |     3 ||     4
       Scroll            |       |       |    13 ||    13
  Eat: Chunk             |     6 |    16 |    20 ||    42
Armor: Robe              |     3 |    15 |    57 ||    75
       Skin              |       |     5 |       ||     5
Dodge: Dodged            |    24 |    39 |   101 ||   164
